 Dungeon Crawl Stone Soup version 0.30-a0-137-gd8773701ce (webtiles) character file.

Game seed: 12357134183162813522

9 zishaf the Sneak (level 1, -1/16 HPs)
             Began as a Demigod Wanderer on Sept 23, 2022.
             Slain by a giant cockroach (2 damage)
             ... on level 1 of the Dungeon.
             The game lasted 00:00:32 (295 turns).

zishaf the Sneak (Demigod Wanderer)                  Turns: 295, Time: 00:00:33

Health: -1/16      AC:  2    Str: 10    XL:     1   Next: 86%
Magic:  5/5        EV: 12    Int: 14    God:
Gold:   5          SH:  0    Dex: 16    Spells: 2/3 levels left

rFire   . . .      SeeInvis .    a - +2 dagger
rCold   . . .      Faith    .    (no shield)
rNeg    . . .      Spirit   .    e - +0 robe
rPois   .          Reflect  .    (no helmet)
rElec   .          Harm     .    (no cloak)
rCorr   .          Rampage  .    (no gloves)
Will    .....                    (no boots)
Stlth   ++........               (no amulet)
HPRegen 0.05/turn                (no ring)
MPRegen 0.09/turn                (no ring)

@: no status effects
A: high MP 1, forlorn, divine attributes
a: no special abilities


You were on level 1 of the Dungeon.
You visited 1 branch of the dungeon, and saw 1 of its levels.

You collected 5 gold pieces.

Inventory:

Hand Weapons
 a - a +2 dagger (weapon)
Armour
 e - a +0 robe (worn)
Wands
 c - a wand of flame (7)
Scrolls
 b - a scroll of fear
 f - a scroll of teleportation {unknown}
Potions
 d - a potion of curing


   Skills:
 + Level 1.5 Fighting
 - Level 1.0 Armour
 - Level 1.0 Dodging
 - Level 2.6 Stealth
 - Level 1.7 Spellcasting
 - Level 1.0 Air Magic
 + Level 1.5 Evocations


You had 2 spell levels left.
You knew the following spells:

 Your Spells              Type           Power      Damage    Failure   Level
a - Shock                 Conj/Air       8%         1d3       21%         1

Your spell library contained the following spells:

 Spells                   Type           Power      Damage    Failure   Level
 Mephitic Cloud           Conj/Pois/Air  2%         N/A       54%         3


Dungeon Overview and Level Annotations

Branches:
Dungeon (1/15)


Innate Abilities, Weirdness & Mutations

You have an increased reservoir of magic. (+10% MP)
You shall have no god before yourself.
Your divine heritage dramatically boosts your attributes as you level up.


Message History

a +0 whip; a kobold corpse The giant cockroach attacks as you move away!
The giant cockroach closely misses you. The bat barely misses you.
The giant cockroach attacks as you move away!
The giant cockroach misses you. The bat attacks as you move away!
The bat barely misses you. The bat hits you. The bat barely misses you.
The bat barely misses you.
You hit the bat.
The bat is severely wounded.
The bat barely misses you. The bat hits you.
You hit the bat.
You kill the bat!
You hit the jackal.
The jackal is heavily wounded.
The jackal bites you but does no damage. x2
You hit the jackal.
You kill the jackal!
You hit the giant cockroach but do no damage.
The giant cockroach barely misses you. x2
You hit the giant cockroach.
The giant cockroach is moderately wounded.
The giant cockroach bites you.
* * * LOW HITPOINT WARNING * * *
You hit the giant cockroach.
The giant cockroach is heavily wounded.
The giant cockroach misses you.
You hit the giant cockroach.
The giant cockroach is severely wounded.
The giant cockroach bites you.
* * * LOW HITPOINT WARNING * * *
You barely miss the giant cockroach.
The giant cockroach is severely wounded.
The giant cockroach closely misses you.
You hit the giant cockroach but do no damage.
Your punch misses the giant cockroach.
The giant cockroach is severely wounded.
The giant cockroach waves its antennae.
The giant cockroach bites you.
You die...

#.# ###....#..<..#...# ..##
#...#..#.....#...# ...
#.#.#........#....
#.####.#.#.##8###8##..#
#####..#...#.#.##.....#...#
#........#................#
...........#.†............#
.#####..####......#######.#
#.......#@#......# #.#
#+####..#B#.....!# #.#
#..hh#.###### ##....)##
#.#....# #...#....#
#####.##.... #.# ....# ...
##...


You could see 2 jackals and a giant cockroach.

Vanquished Creatures
  An endoplasm (D:1)
  A giant cockroach (D:1)
  A goblin (D:1)
  A hobgoblin (D:1)
  A jackal (D:1)
  A bat (D:1)
  A kobold (D:1)
  A rat (D:1)
8 creatures vanquished.

Notes
Turn   | Place    | Note
-------+----------+-------------------------------------------
     0 | D:1      | zishaf the Demigod Wanderer began the quest for the Orb.
     0 | D:1      | zishaf set off with the following items: a +2 dagger, a
                  | scroll of fear, a wand of flame (7), a potion of curing, a
                  | +0 robe; and the following spell memorised: Shock; and the
                  | following spells available to memorise: Mephitic Cloud.
     0 | D:1      | Reached XP level 1. HP: 16/16 MP: 5/5
   295 | D:1      | Slain by a giant cockroach

Illustrated notes

Levels and vault maps discovered:
D:1:      scummos_arrival_simple_crosswalls, layout_basic,
          ebering_ecumenical_altar_abandoned, chequers_serial_rivers_micro_b,
          lemuel_flame_loot_1

Action                   || total
-------------------------++-------
Melee: Dagger            ||    26
       Punch             ||     1
 Stab: Sleeping          ||     1
Armor: Robe              ||     5
Dodge: Dodged            ||    19

Table legend: (Time is in decaauts)
 A = Elapsed time spent in this place.
 B = Non-inter-level travel time spent in this place.
 C = Inter-level travel time spent in this place.
 D = Time resting spent in this place.
 E = Time spent auto-exploring this place.
 F = Levels seen in this place.
 G = Mean time per level.
                   A        B        C        D        E       F      G
               +--------+--------+--------+--------+--------+-----+--------+
         Total |    295 |    295 |      0 |      0 |    241 |   1 |  295.0 |
       Dungeon |    295 |    295 |      0 |      0 |    241 |   1 |  295.0 |
               +--------+--------+--------+--------+--------+-----+--------+

Top non-repeatable levels by time:
     D:1: 295 daAuts
